 Dungeon Crawl Stone Soup version 0.20.1-1-g8b1a95d (webtiles) character file.

114 Internecine the Vexing (level 4, -1/42 HPs)
             Began as an Ogre Arcane Marksman on Oct 3, 2017.
             Killed by divine providence
             ... invoked by an orc priest
              (10 damage)
             ... on level 3 of the Dungeon.
             The game lasted 00:20:55 (2254 turns).

Internecine the Vexing (Ogre Arcane Marksman)       Turns: 2254, Time: 00:20:56

Health: -1/42      AC:  4    Str: 14    XL:     4   Next: 97%
Magic:  0/7        EV: 10    Int: 14    God:
Gold:   69         SH:  0    Dex: 10    Spells: 4/7 levels left

rFire    . . .     SeeInvis .   a - +0 hand crossbow
rCold    . . .     Gourm    .   (no shield)
rNeg     . . .     Faith    .   e - +0 robe
rPois    .         Spirit   +   (helmet restricted)
rElec    .         Reflect  .   r - +0 cloak
rCorr    .         Harm     .   (gloves unavailable)
MR       .....                  (boots unavailable)
Stlth    +.........             o - amulet of guardian spirit
Regen    0.2/turn               (no ring)
MPRegen  0.1/turn               (no ring)

@: no status effects
A: unfitting armour, tough skin 1
a: no special abilities


You were on level 3 of the Dungeon.
You were not hungry.

You visited 1 branch of the dungeon, and saw 3 of its levels.

You collected 69 gold pieces.

Inventory:

Hand Weapons
 a - a +0 hand crossbow (weapon)
 m - a +0 short sword
 n - a +0 whip
 s - a +0 hunting sling
Missiles
 b - 29 stones (quivered)
 q - 51 sling bullets
 y - 6 poisoned needles
 C - 21 arrows
Armour
 e - a +0 robe (worn)
 r - a +0 cloak (worn)
Magical Staves
 h - an uncursed staff of cold {unknown}
Jewellery
 o - an amulet of guardian spirit (around neck)
Scrolls
 g - 2 scrolls of identify {unknown}
 k - a scroll of enchant armour {unknown}
 l - a scroll of random uselessness {unknown}
 p - a scroll of recharging {unknown}
 t - a scroll of teleportation {unknown}
 v - a scroll of blinking {unknown}
 x - a scroll of remove curse {unknown}
Potions
 i - a potion of mutation {unknown}
 u - 2 potions of curing {unknown}
 w - a potion of brilliance {unknown}
 A - a potion of resistance {unknown}
Books
 c - a book of Debilitation

   Spells                             Type                      Level
   a - Corona                         Hexes                        1
   b - Slow                           Hexes                        2
   c - Inner Flame                    Hexes/Fire                   3
   d - Portal Projectile              Hexes/Translocation          3
   e - Cause Fear                     Hexes                        4
   f - Leda's Liquefaction            Hexes/Earth                  4
Comestibles
 f - a bread ration
 j - 3 meat rations
 z - a royal jelly
 B - 8 chunks of flesh


   Skills:
 + Level 2.1 Fighting
 + Level 2.8 Crossbows
 + Level 2.2 Dodging
 * Level 2.1 Spellcasting
 + Level 3.1 Hexes


You had 4 spell levels left.
You knew the following spells:

 Your Spells              Type           Power        Failure   Level  Hunger
a - Corona                Hex            ##.....      7%          1    ##.....
b - Slow                  Hex            ##......     10%         2    ###....


Dungeon Overview and Level Annotations

Branches:
Dungeon (3/15)

Altars:


Innate Abilities, Weirdness & Mutations

You are too large for most types of armour.
You have tough skin. (AC +1)


Message History

Throwing (i - inventory):
b - 31 stones (quivered)
Press: ? - help, Shift-Dir - straight line, f/p - orc
Aim: an orc, wielding a whip (lightly wounded)
You throw a stone. The stone hits the orc.
The orc is moderately wounded.
The orc hits you with a whip.
The orc priest hits you from afar with a trident.
* * * LOW HITPOINT WARNING * * *
The orc priest hits you with a short sword.
* * * LOW HITPOINT WARNING * * *
The orc barely misses you.
Throwing (i - inventory):
b - 30 stones (quivered)
Press: ? - help, Shift-Dir - straight line, f/p - orc
Aim: an orc, wielding a whip (moderately wounded)
You throw a stone. The stone hits the orc.
The orc is severely wounded.
The orc priest barely misses you.
The orc priest mumbles some strange prayers to Beogh against you.
Beogh smites you!
You die...

##.#.##.........#
.....##.........#
###.####.........#
(#...## ##..)....##
..(....##.........#
.....#.((.........#
......(.((........#
(.....ooo...........
...(...#@.........###
.(.....###(.......#
(..(... #........#
...oo.. ##....#..
.....o# ###..#.
...... . ......


You could see 2 orc priests and an orc.

Vanquished Creatures
  5 adders
  An ooze (D:2)
  2 worms
  2 dart slugs
  An orc (D:3)
  A ball python (D:1)
  6 bats
  2 giant cockroaches
  7 goblins
  7 hobgoblins
  2 jackals (D:1)
  6 kobolds
  A quokka (D:2)
  2 frilled lizards
  9 rats
54 creatures vanquished.

Notes
Turn   | Place    | Note
-------+----------+-------------------------------------------
     0 | D:1      | Internecine the Ogre Arcane Marksman began the quest for the Orb.
     0 | D:1      | Reached XP level 1. HP: 19/19 MP: 2/2
   196 | D:1      | Reached skill level 3 in Hexes
   199 | D:1      | Reached XP level 2. HP: 27/27 MP: 3/3
   686 | D:1      | Reached XP level 3. HP: 32/33 MP: 4/4
   885 | D:1      | Learned a level 2 spell: Slow
  1653 | D:2      | Reached XP level 4. HP: 42/42 MP: 6/6
  2254 | D:3      | Killed from afar by an orc priest

Skill      XL: |  1  2  3  4 |
---------------+-------------+-----
Hexes          | 3 |  3.1
Dodging        | 2 |  2.2
Crossbows      | 2 |  2.8
Fighting       | 2 |  2.1
Spellcasting   | 2 |  2.1

Action                   |  1- 3 |  4- 6 || total
-------------------------+-------+-------++-------
Melee: Whip              |     6 |       ||     6
 Fire: Hand crossbow     |    88 |    45 ||   133
Throw: Stone             |       |     9 ||     9
  Eat: Chunk             |     1 |     3 ||     4
Armor: Robe              |    18 |     3 ||    21
Dodge: Dodged            |    27 |    20 ||    47
